[Event "European Women Rapid-ch 2023"]
[Site "Monaco"]
[Date "2024.01.14"]
[Round "7.24"]
[White "Cornileau, Juliette"]
[Black "Haussernot, Cecile"]
[Result "0-1"]
[ECO "D45"]
[WhiteElo "2007"]
[BlackElo "2136"]
[Annotator "TA"]
[PlyCount "87"]
[EventDate "2023.12.19"]
[EventType "swiss"]
[EventCountry "MNC"]
[SourceTitle "playchess.com"]
[Source "ChessBase"]
[SourceQuality "1"]
[TimeControl "900+10"]

1. d4 d5 2. c4 c6 3. Nc3 Nf6 4. Nf3 e6 5. e3 Nbd7 6. Qc2 Bd6 7. g4 h6 8. Rg1 e5 9. cxd5 cxd5 10. g5 hxg5 11. Nxg5 e4 12. Nb5 Bb8 (12... Bxh2 $6 13. Rh1 Kf8 14. Nc7 $11) 13. Bd2 Nb6 (13... Bxh2 14. Rh1 Kf8 15. Nc7 $18) (13... Rxh2 $6 14. Rc1 Nb6 15. Nc7+ Bxc7 16. Qxc7 Qxc7 17. Rxc7 $16) 14. Rc1 Bd7 (14... Bxh2 $6 15. Bb4 Bb8 (15... Bxg1 16. Nc7+) 16. Nc7+ Bxc7 17. Qxc7 Qxc7 18. Rxc7 $16) 15. Qc5 Bc6 (15... Bxh2 16. Rh1 Bxb5 17. Rxh2 Rxh2 18. Bxb5+ Nfd7 19. Bb4 $18) (15... Rxh2 $2 16. Bb4 Rh8 17. Nd6+ Bxd6 18. Qxd6 $18) 16. Bb4 $1 Na4 (16... Bxh2 $2 17. Rh1 Ng4 (17... Nc8 $2 18. Rxh2 Rg8 19. Bh3 $18) 18. Be2 $18 (18. Nd6+ Kd7 $18)) (16... a6 $5 17. Nd6+ $8 Qxd6 18. Qxd6 Bxd6 19. Bxd6 Rc8 $11) 17. Qc2 Nb6 $1 18. Qc5 Nfd7 (18... Bxh2 $2 19. Rh1 Ng4 (19... Nc8 $2 20. Rxh2 Rg8 21. Bh3 $18) 20. Be2 $18 (20. Nd6+ Kd7 $18)) (18... a6 $11 19. Nd6+ Bxd6 20. Qxd6 Qxd6 21. Bxd6 Nc8) 19. Nd6+ $16 Bxd6 20. Qxd6 Qf6 21. Qg3 Nc8 22. Bh3 (22. f3 $16) 22... Rh6 ({Black should try} 22... a5 $14 23. Ba3 Ne7) 23. Ba3 (23. f3 $142 {fxe4 would now be deadly.} exf3 24. Nxf3) 23... Ne7 $16 24. f3 exf3 25. Nxf3 Rg6 26. Qf4 ({Better is} 26. Ng5 $16) 26... Qxf4 27. exf4 Rxg1+ 28. Nxg1 Ng6 29. Ne2 O-O-O 30. f5 Nh4 31. Be7 Rh8 32. Kf2 Nf3 (32... Nxf5 $2 33. Bxf5 Rxh2+ 34. Ke3 $18) 33. Bg2 Nxh2 34. b4 a6 35. Kg3 (35. Bxd5 Ng4+ 36. Kf3 Nh2+ 37. Kf4 Re8 38. Bxc6 (38. Bxf7 Rxe7 39. Be6 Kd8 $17) 38... bxc6 39. Rxc6+ (39. f6 gxf6 40. Rxc6+ Kb7 $11) 39... Kb7 $11) 35... Re8 $1 36. Nf4 (36. f6 $5 gxf6 (36... Nxf6 $2 {too greedy.} 37. Bxf6 gxf6 38. Nf4 $18) 37. a4 Rxe7 38. Nc3 $16) 36... Rxe7 37. Kxh2 (37. b5 $11 axb5 38. Nxd5) 37... Kd8 38. Nxd5 $2 (38. Bxd5 $15 Bxd5 39. Nxd5) 38... Re2 $19 39. Nf4 Rxa2 40. d5 Bb5 41. Kg3 Rb2 42. d6 Rb3+ ({Don't do} 42... Rxb4 43. Rc7) 43. Bf3 $2 (43. Kh4) 43... Ne5 $19 (43... Rxb4 44. Bxb7 Rb3+ 45. Kg2 $11) 44. Rf1 0-1

[Event "European Women Rapid-ch 2023"]
[Site "Monaco"]
[Date "2024.01.14"]
[Round "7.25"]
[White "Follana Albelda, Lucia"]
[Black "Zimina, Olga"]
[Result "0-1"]
[ECO "C24"]
[WhiteElo "1885"]
[BlackElo "2291"]
[Annotator "RC"]
[PlyCount "86"]
[EventDate "2023.12.19"]
[EventType "swiss"]
[EventCountry "MNC"]
[SourceTitle "playchess.com"]
[Source "ChessBase"]
[SourceQuality "1"]
[TimeControl "900+10"]

1. e4 e5 2. Nf3 Nc6 3. Bc4 Nf6 4. d3 d5 5. exd5 Nxd5 6. a4 Nb6 7. Bb3 a5 8. Nc3 Be7 9. O-O Bg4 10. Ne4 Qd7 11. h3 Bh5 12. Ng3 Bg6 13. Re1 f6 14. Bd2 O-O-O 15. Bc3 Kb8 16. Qd2 Bb4 17. Ne4 Rhe8 18. Bxb4 Nxb4 19. Rad1 Bh5 20. Qe2 N6d5 21. Ng3 Nf4 22. Qe4 Bg6 23. Qc4 Nbd5 24. Qb5 c6 25. Qxa5 Nxg2 26. Bxd5 Nxe1 27. Qxe1 cxd5 28. a5 Qxh3 29. a6 Qd7 30. Ra1 b6 31. a7+ Ka8 32. Qb4 Qc7 33. Nd2 Qc5 34. Qa4 Rc8 35. Qa6 Qc6 36. Nb1 Qb7 37. Qa4 b5 38. Qb3 d4 39. Ra5 Rc5 40. Na3 Rec8 41. Nxb5 Rxc2 42. Qa4 Qf3 43. Nc3 Qxf2+ 0-1

[Event "European Women Rapid-ch 2023"]
[Site "Monaco"]
[Date "2024.01.14"]
[Round "7.26"]
[White "Hejazipour, Mitra"]
[Black "Bellaiche, Elise"]
[Result "1-0"]
[ECO "E07"]
[WhiteElo "2356"]
[BlackElo "2012"]
[Annotator "RC"]
[PlyCount "73"]
[EventDate "2023.12.19"]
[EventType "swiss"]
[EventCountry "MNC"]
[SourceTitle "playchess.com"]
[Source "ChessBase"]
[SourceQuality "1"]
[TimeControl "900+10"]

1. Nf3 d5 2. c4 c6 3. d4 e6 4. g3 Nf6 5. Bg2 Be7 6. O-O O-O 7. Qc2 Nbd7 8. Nbd2 Bd6 9. e4 dxe4 10. Nxe4 Nxe4 11. Qxe4 Nf6 12. Qc2 c5 13. Rd1 cxd4 14. Rxd4 Qb6 15. Bg5 Be7 16. Rad1 h6 17. Be3 Bc5 18. Rd6 Qxd6 19. Rxd6 Bxd6 20. c5 Be7 21. Ne5 Nd5 22. Bxd5 exd5 23. Qb3 Rd8 24. c6 bxc6 25. Nxc6 Re8 26. Qxd5 Bb7 27. Qd7 Bxc6 28. Qxc6 Bf6 29. b4 Rac8 30. Qa6 Rc7 31. Bxh6 Re6 32. Qa5 Rd7 33. Be3 Bd4 34. Bxd4 Rxd4 35. Qc5 Rd1+ 36. Kg2 a6 37. Qc8+ 1-0

[Event "European Women Rapid-ch 2023"]
[Site "Monaco"]
[Date "2024.01.14"]
[Round "7.27"]
[White "Movsesian, Julia"]
[Black "Nicoara, Malina"]
[Result "1-0"]
[ECO "B70"]
[WhiteElo "2257"]
[BlackElo "2054"]
[Annotator "RC"]
[PlyCount "75"]
[EventDate "2023.12.19"]
[EventType "swiss"]
[EventCountry "MNC"]
[SourceTitle "playchess.com"]
[Source "ChessBase"]
[SourceQuality "1"]
[TimeControl "900+10"]

1. e4 c5 2. Nf3 Nc6 3. Nc3 g6 4. d4 cxd4 5. Nxd4 Bg7 6. Nde2 d6 7. g3 Nf6 8. Bg2 O-O 9. O-O Be6 10. h3 Qc8 11. Kh2 Rd8 12. Nd5 Bxd5 13. exd5 Ne5 14. a4 a5 15. Be3 Ra6 16. Bd4 Nc4 17. b3 Nb6 18. c4 Nbd7 19. Nc3 Nc5 20. Nb5 Qf5 21. Ra2 h5 22. Re2 Bf8 23. Kg1 Nh7 24. f4 Nf6 25. Ba1 Rc8 26. Re3 Qd7 27. Rfe1 Qd8 28. Kh2 Qd7 29. Qf3 Qf5 30. Nd4 Qd7 31. f5 g5 32. Nb5 g4 33. Qf4 gxh3 34. Bxh3 Kh7 35. Qh4 Nce4 36. Rxe4 Nxe4 37. Qxh5+ Bh6 38. Qxf7+ 1-0

[Event "European Women Rapid-ch 2023"]
[Site "Monaco"]
[Date "2024.01.14"]
[Round "8.1"]
[White "Paehtz, Elisabeth"]
[Black "Kosteniuk, Alexandra"]
[Result "1/2-1/2"]
[ECO "A14"]
[WhiteElo "2461"]
[BlackElo "2501"]
[Annotator "RC"]
[PlyCount "54"]
[EventDate "2023.12.19"]
[EventType "swiss"]
[EventCountry "MNC"]
[SourceTitle "playchess.com"]
[Source "ChessBase"]
[SourceQuality "1"]
[TimeControl "900+10"]

1. Nf3 Nf6 2. c4 b6 3. g3 Bb7 4. Bg2 e6 5. O-O Be7 6. b3 O-O 7. Bb2 d5 8. e3 c5 9. Nc3 Nc6 10. cxd5 exd5 11. d4 Re8 12. Rc1 Bf8 13. dxc5 bxc5 14. Na4 Ne4 15. a3 Na5 16. Ne5 Ba6 17. Re1 f6 18. Nf3 Rb8 19. Nd2 Nxd2 20. Qxd2 Nxb3 21. Qxd5+ Kh8 22. Rcd1 Qxd5 23. Bxd5 c4 24. e4 Bb5 25. Nc3 Ba6 26. Na4 Bb5 27. Nc3 Ba6 1/2-1/2

[Event "European Women Rapid-ch 2023"]
[Site "Monaco"]
[Date "2024.01.14"]
[Round "8.2"]
[White "Wagner, Dinara"]
[Black "Khotenashvili, Bella"]
[Result "1/2-1/2"]
[ECO "A61"]
[WhiteElo "2459"]
[BlackElo "2467"]
[Annotator "RC"]
[PlyCount "69"]
[EventDate "2023.12.19"]
[EventType "swiss"]
[EventCountry "MNC"]
[SourceTitle "playchess.com"]
[Source "ChessBase"]
[SourceQuality "1"]
[TimeControl "900+10"]

1. d4 Nf6 2. c4 c5 3. d5 e6 4. Nc3 exd5 5. cxd5 d6 6. Nf3 g6 7. Nd2 Nbd7 8. e4 a6 9. a4 Bg7 10. Nc4 Nb6 11. Na3 O-O 12. a5 Nbd7 13. Nc4 Ne8 14. Be2 Ne5 15. Nb6 Rb8 16. O-O f5 17. Nxc8 Rxc8 18. exf5 gxf5 19. Bf4 Ng6 20. Bd2 Nf6 21. Bd3 Nd7 22. f4 c4 23. Bc2 b5 24. axb6 Qxb6+ 25. Kh1 Nc5 26. Rb1 Rce8 27. Qh5 Nb3 28. Be1 Nd4 29. Bf2 Nxf4 30. Qd1 Nd3 31. Bxd3 cxd3 32. Qxd3 Qb4 33. Bxd4 Qxd4 34. Qxd4 Bxd4 35. Ra1 1/2-1/2

[Event "European Women Rapid-ch 2023"]
[Site "Monaco"]
[Date "2024.01.14"]
[Round "8.3"]
[White "Stefanova, Antoaneta"]
[Black "Batsiashvili, Nino"]
[Result "1-0"]
[ECO "D06"]
[WhiteElo "2431"]
[BlackElo "2451"]
[Annotator "RC"]
[PlyCount "81"]
[EventDate "2023.12.19"]
[EventType "swiss"]
[EventCountry "MNC"]
[SourceTitle "playchess.com"]
[Source "ChessBase"]
[SourceQuality "1"]
[TimeControl "900+10"]

1. d4 d5 2. Nf3 Nf6 3. e3 Bf5 4. c4 e6 5. Nc3 Bb4 6. Qa4+ Nc6 7. Ne5 O-O 8. Nxc6 Bxc3+ 9. bxc3 bxc6 10. Qxc6 Ne4 11. cxd5 exd5 12. Be2 Rb8 13. c4 Nc3 14. Bf3 Rb6 15. Qc5 Be4 16. Bxe4 dxe4 17. Qa5 Nb1 18. O-O Qh4 19. Qxa7 Nc3 20. Qxc7 Ne2+ 21. Kh1 Rg6 22. h3 Qg5 23. Qh2 Qa5 24. a4 Rc8 25. Ba3 Qxa4 26. Bc5 Qxc4 27. Rfe1 h6 28. Qe5 Re6 29. Qh5 Nc3 30. Rec1 Rb8 31. Ra3 Rb1 32. Rxb1 Nxb1 33. Ra8+ Kh7 34. Qxf7 Qf1+ 35. Kh2 Rf6 36. Qg8+ Kg6 37. Qe8+ Kg5 38. Qe5+ Rf5 39. Qg3+ Kf6 40. Rf8+ Ke6 41. Qd6# 1-0

[Event "European Women Rapid-ch 2023"]
[Site "Monaco"]
[Date "2024.01.14"]
[Round "8.4"]
[White "Ushenina, Anna"]
[Black "Garcia Martin, Marta"]
[Result "1/2-1/2"]
[ECO "A47"]
[WhiteElo "2415"]
[BlackElo "2342"]
[Annotator "RC"]
[PlyCount "72"]
[EventDate "2023.12.19"]
[EventType "swiss"]
[EventCountry "MNC"]
[SourceTitle "playchess.com"]
[Source "ChessBase"]
[SourceQuality "1"]
[TimeControl "900+10"]

1. d4 Nf6 2. Nf3 b6 3. Bg5 Bb7 4. Nbd2 g6 5. Bxf6 exf6 6. e4 Bg7 7. Bc4 O-O 8. O-O Nc6 9. Bd5 Rb8 10. Re1 Ba6 11. c3 Ne7 12. Bc4 Bb7 13. a4 a5 14. Qb3 d5 15. exd5 Nxd5 16. Bf1 Qd7 17. g3 Rfe8 18. Rxe8+ Rxe8 19. Bb5 c6 20. Bf1 Qc7 21. Bg2 f5 22. Re1 Rxe1+ 23. Nxe1 Qe7 24. Nef3 f4 25. Qd1 fxg3 26. hxg3 c5 27. Nc4 cxd4 28. Nxd4 Qc5 29. Qe2 Bxd4 30. cxd4 Qc7 31. Qe8+ Kg7 32. Qe5+ Qxe5 33. dxe5 Kf8 34. b3 Ke7 35. Nxb6 Nxb6 36. Bxb7 Ke6 1/2-1/2

[Event "European Women Rapid-ch 2023"]
[Site "Monaco"]
[Date "2024.01.14"]
[Round "8.5"]
[White "Osmak, Yuliia"]
[Black "Hunt, Harriet V"]
[Result "1-0"]
[ECO "C49"]
[WhiteElo "2450"]
[BlackElo "2306"]
[Annotator "RC"]
[PlyCount "113"]
[EventDate "2023.12.19"]
[EventType "swiss"]
[EventCountry "MNC"]
[SourceTitle "playchess.com"]
[Source "ChessBase"]
[SourceQuality "1"]
[TimeControl "900+10"]

1. e4 e5 2. Nf3 Nc6 3. Nc3 Nf6 4. Bb5 Bb4 5. O-O d6 6. Nd5 Ba5 7. d4 a6 8. Nxf6+ gxf6 9. Bxc6+ bxc6 10. dxe5 fxe5 11. Bg5 Qd7 12. Qd3 Rg8 13. Bh4 Qg4 14. Bg3 Be6 15. Rad1 Bb6 16. c4 a5 17. Qc2 Bc5 18. Rfe1 a4 19. Qc3 Ke7 20. b4 axb3 21. axb3 Ra2 22. Rd2 Rxd2 23. Qxd2 Rb8 24. Bh4+ f6 25. Qa5 Kd7 26. Rd1 Bb6 27. Qe1 Qg6 28. Bg3 Bg4 29. Rd3 Ra8 30. h3 Bxf3 31. Rxf3 Bd4 32. Kh2 Rg8 33. Qe2 h5 34. h4 Qg4 35. Qd3 Ke7 36. b4 Rb8 37. b5 cxb5 38. cxb5 Bc5 39. Rf5 Ra8 40. Qf3 Qxf3 41. gxf3 Rh8 42. f4 Ke6 43. Kg2 Bd4 44. fxe5 dxe5 45. f4 Rb8 46. Rxh5 Rxb5 47. f5+ Ke7 48. Rh7+ Kd6 49. Rf7 Rb2+ 50. Kf3 Rb3+ 51. Kg4 Re3 52. Rxf6+ Kc5 53. h5 Rxe4+ 54. Kh3 Re3 55. h6 e4 56. Re6 Kd5 57. h7 1-0

[Event "European Women Rapid-ch 2023"]
[Site "Monaco"]
[Date "2024.01.14"]
[Round "8.6"]
[White "Salimova, Nurgyul"]
[Black "Unuk, Laura"]
[Result "1-0"]
[ECO "E06"]
[WhiteElo "2426"]
[BlackElo "2346"]
[Annotator "RC"]
[PlyCount "101"]
[EventDate "2023.12.19"]
[EventType "swiss"]
[EventCountry "MNC"]
[SourceTitle "playchess.com"]
[Source "ChessBase"]
[SourceQuality "1"]
[TimeControl "900+10"]

1. d4 d5 2. c4 e6 3. Nf3 Nf6 4. g3 Be7 5. Bg2 O-O 6. O-O a5 7. Nc3 c6 8. Bf4 dxc4 9. Ne5 Nd5 10. Nxc4 Nxf4 11. gxf4 Nd7 12. e3 Nb6 13. Nxb6 Qxb6 14. Qc2 Bd7 15. Be4 f5 16. Bf3 Rf6 17. Kh1 c5 18. d5 Kh8 19. Rad1 Bd6 20. dxe6 Bxe6 21. Rg1 Rd8 22. Qe2 Rff8 23. Nd5 Bxd5 24. Rxd5 Be7 25. Rgd1 Qc7 26. Qb5 Rxd5 27. Rxd5 Bd6 28. Qd3 c4 29. Qd4 Rf6 30. Rb5 b6 31. Rxb6 Bc5 32. Rxf6 gxf6 33. Qxf6+ Qg7 34. Qxf5 Bb4 35. Qc8+ Bf8 36. Bd5 Qe7 37. Qxc4 h6 38. e4 Qh4 39. Qc3+ Kh7 40. Qg3 Qxg3 41. fxg3 Kg6 42. Kg2 Bc5 43. Kf3 Bd4 44. b3 Kf6 45. e5+ Ke7 46. g4 Bg1 47. h4 Bc5 48. Ke4 Bb4 49. f5 Be1 50. f6+ Kf8 51. e6 1-0

[Event "European Women Rapid-ch 2023"]
[Site "Monaco"]
[Date "2024.01.14"]
[Round "8.7"]
[White "Daulyte-Cornette, Deimante"]
[Black "Agrest, Inna"]
[Result "0-1"]
[ECO "C78"]
[WhiteElo "2372"]
[BlackElo "2287"]
[Annotator "RC"]
[PlyCount "66"]
[EventDate "2023.12.19"]
[EventType "swiss"]
[EventCountry "MNC"]
[SourceTitle "playchess.com"]
[Source "ChessBase"]
[SourceQuality "1"]
[TimeControl "900+10"]

1. e4 e5 2. Nf3 Nc6 3. Bb5 a6 4. Ba4 Nf6 5. O-O Bc5 6. c3 b5 7. Bb3 d6 8. d4 Bb6 9. Re1 O-O 10. Bg5 h6 11. Bh4 Bg4 12. Bd5 Qe8 13. Bxf6 gxf6 14. h3 Bh5 15. Qc1 Kh7 16. Nh4 Bg6 17. Re3 Rd8 18. Rf3 exd4 19. Rxf6 Qe5 20. Nxg6 fxg6 21. Rxf8 Rxf8 22. Bxc6 d3 23. Nd2 Rxf2 24. Kh1 Qg5 25. e5 Be3 26. Qe1 Rxd2 27. Qf1 Bf2 28. e6 Qe5 29. Bd7 Re2 30. Rd1 d2 31. e7 Qxe7 32. Kh2 Qe5+ 33. Kh1 Re1 0-1

[Event "European Women Rapid-ch 2023"]
[Site "Monaco"]
[Date "2024.01.14"]
[Round "8.8"]
[White "Schippke, Manon"]
[Black "Savina, Anastasia"]
[Result "1-0"]
[ECO "C45"]
[WhiteElo "2162"]
[BlackElo "2340"]
[Annotator "RC"]
[PlyCount "107"]
[EventDate "2023.12.19"]
[EventType "swiss"]
[EventCountry "MNC"]
[SourceTitle "playchess.com"]
[Source "ChessBase"]
[SourceQuality "1"]
[TimeControl "900+10"]

1. e4 e5 2. Nf3 Nc6 3. d4 exd4 4. Nxd4 Qf6 5. Nf3 Bb4+ 6. c3 Bc5 7. Bd3 Ne5 8. Be2 Nxf3+ 9. Bxf3 Ne7 10. O-O d6 11. b4 Bb6 12. Bb2 Ng6 13. Nd2 Nh4 14. e5 dxe5 15. c4 Bd4 16. Bxd4 Nxf3+ 17. Qxf3 Qxf3 18. Nxf3 exd4 19. Rfe1+ Kf8 20. Nxd4 Bd7 21. Re5 Re8 22. Rd5 Ke7 23. Rd1 c6 24. Ra5 a6 25. f3 g6 26. Ra3 Kf6 27. Rad3 Bc8 28. Kf2 Rd8 29. Nb3 Rxd3 30. Rxd3 Re8 31. Nc5 Ke7 32. a3 b6 33. Re3+ Be6 34. Na4 b5 35. cxb5 axb5 36. Nc5 Rd8 37. g4 Rd2+ 38. Kg3 h6 39. f4 Rd5 40. h4 Kd6 41. Ne4+ Kc7 42. Nf6 Rd1 43. h5 gxh5 44. f5 Bc4 45. Nxh5 Rg1+ 46. Kf4 Kd6 47. Ng3 Bd5 48. f6 Be6 49. Ne4+ Kc7 50. Nf2 Rf1 51. Kg3 Rg1+ 52. Kh2 Rf1 53. Kg2 Rc1 54. Rxe6 1-0

[Event "European Women Rapid-ch 2023"]
[Site "Monaco"]
[Date "2024.01.14"]
[Round "8.9"]
[White "Papp, Petra"]
[Black "Sliwicka, Alicja"]
[Result "1/2-1/2"]
[ECO "B60"]
[WhiteElo "2267"]
[BlackElo "2311"]
[Annotator "RC"]
[PlyCount "75"]
[EventDate "2023.12.19"]
[EventType "swiss"]
[EventCountry "MNC"]
[SourceTitle "playchess.com"]
[Source "ChessBase"]
[SourceQuality "1"]
[TimeControl "900+10"]

1. e4 c5 2. Nc3 Nc6 3. Nge2 d6 4. d4 cxd4 5. Nxd4 Nf6 6. Bg5 g6 7. Bxf6 exf6 8. Bb5 Bd7 9. Bc4 a6 10. O-O Bg7 11. Nxc6 Bxc6 12. Bd5 O-O 13. Qd3 Qb6 14. Bb3 Rad8 15. Rad1 Qc5 16. Kh1 Rfe8 17. f4 f5 18. exf5 Qxf5 19. Qxf5 gxf5 20. Rfe1 Bxc3 21. bxc3 Re4 22. Rxe4 fxe4 23. Kg1 e3 24. Kf1 Re8 25. Ke2 Re4 26. Bd5 Bb5+ 27. Kf3 e2 28. Re1 Ra4 29. c4 Bc6 30. Rxe2 Rxc4 31. Bxc6 bxc6 32. Ke3 d5 33. g3 f6 34. Kd3 Kf7 35. c3 h5 36. Rb2 a5 37. f5 Ke7 38. Re2+ 1/2-1/2

[Event "European Women Rapid-ch 2023"]
[Site "Monaco"]
[Date "2024.01.14"]
[Round "8.10"]
[White "Cramling, Pia"]
[Black "Piddubna, Bozhena"]
[Result "1-0"]
[ECO "A17"]
[WhiteElo "2437"]
[BlackElo "2035"]
[Annotator "RC"]
[PlyCount "83"]
[EventDate "2023.12.19"]
[EventType "swiss"]
[EventCountry "MNC"]
[SourceTitle "playchess.com"]
[Source "ChessBase"]
[SourceQuality "1"]
[TimeControl "900+10"]

1. Nf3 Nf6 2. c4 e6 3. Nc3 b6 4. e4 Bb7 5. d3 d6 6. g3 Be7 7. Bg2 O-O 8. O-O c5 9. Re1 Nc6 10. d4 cxd4 11. Nxd4 Rc8 12. b3 Nd7 13. Bb2 Nc5 14. Nxc6 Bxc6 15. b4 Nd7 16. Qd4 Bf6 17. Qxd6 Be7 18. Qf4 Bxb4 19. Red1 Qe7 20. a3 Bxc3 21. Bxc3 e5 22. Qf5 Ba4 23. Bb4 Nc5 24. Rd5 f6 25. Bh3 Qb7 26. Rb1 Qa8 27. Bxc5 Rxc5 28. Qe6+ Kh8 29. Rxc5 bxc5 30. Qd5 Bc6 31. Qxc5 Bxe4 32. Rd1 h5 33. Rd7 Rd8 34. Qe7 Rxd7 35. Qxd7 Qb8 36. c5 Qb1+ 37. Bf1 Qc1 38. Qe8+ Kh7 39. Qxh5+ Kg8 40. Qe2 Bd5 41. Qe3 Bc4 42. Qxc1 1-0

[Event "European Women Rapid-ch 2023"]
[Site "Monaco"]
[Date "2024.01.14"]
[Round "8.11"]
[White "Khademalsharieh, Sarasadat"]
[Black "Navrotescu, Andreea"]
[Result "1/2-1/2"]
[ECO "D36"]
[WhiteElo "2486"]
[BlackElo "2222"]
[Annotator "RC"]
[PlyCount "63"]
[EventDate "2023.12.19"]
[EventType "swiss"]
[EventCountry "MNC"]
[SourceTitle "playchess.com"]
[Source "ChessBase"]
[SourceQuality "1"]
[TimeControl "900+10"]

1. d4 d5 2. c4 e6 3. Nc3 Nf6 4. cxd5 exd5 5. Bg5 Be7 6. e3 O-O 7. Qc2 Re8 8. Bd3 h6 9. Bh4 c6 10. Nge2 Ne4 11. Bxe7 Qxe7 12. Nxe4 dxe4 13. Bc4 Nd7 14. a3 Nf6 15. O-O Be6 16. Bxe6 Qxe6 17. Rfc1 Nd5 18. Nc3 Rad8 19. Qb3 Re7 20. Ne2 Qg4 21. Qd1 Qg5 22. Rc5 h5 23. Nf4 h4 24. Nxd5 Rxd5 25. Rxd5 cxd5 26. h3 Rc7 27. Rc1 Qd8 28. Rc5 b6 29. Rxc7 Qxc7 30. Qb3 Qc1+ 31. Kh2 Qc7+ 32. Kg1 1/2-1/2

[Event "European Women Rapid-ch 2023"]
[Site "Monaco"]
[Date "2024.01.14"]
[Round "8.12"]
[White "Hoang, Thanh Trang"]
[Black "Charkhalashvili, Inga"]
[Result "1/2-1/2"]
[ECO "E14"]
[WhiteElo "2382"]
[BlackElo "2239"]
[Annotator "RC"]
[PlyCount "106"]
[EventDate "2023.12.19"]
[EventType "swiss"]
[EventCountry "MNC"]
[SourceTitle "playchess.com"]
[Source "ChessBase"]
[SourceQuality "1"]
[TimeControl "900+10"]

1. d4 Nf6 2. Nf3 e6 3. e3 b6 4. Bd3 Bb7 5. O-O Be7 6. c4 d5 7. Nc3 O-O 8. cxd5 Nxd5 9. e4 Nb4 10. Be2 c5 11. dxc5 bxc5 12. Bf4 Nd7 13. Qb3 Qb6 14. Rfd1 Nf6 15. a3 Nc6 16. Qxb6 axb6 17. e5 Nd5 18. Bd2 Na5 19. Be1 Rfd8 20. Bb5 Nb3 21. Rab1 Nf4 22. Ne2 Ng6 23. Bc3 Be4 24. Rxd8+ Rxd8 25. Re1 Bxf3 26. gxf3 Nh4 27. Bc6 Rd3 28. Nc1 Nxc1 29. Rxc1 Nxf3+ 30. Bxf3 Rxf3 31. Rd1 h5 32. Rd7 Bh4 33. Rb7 Rxf2 34. Rxb6 Rc2 35. a4 Bf2+ 36. Kf1 Be3 37. h4 g5 38. a5 g4 39. Be1 c4 40. Rb7 Kg7 41. a6 Kg6 42. a7 Bxa7 43. Rxa7 Rxb2 44. Rc7 Rc2 45. Bg3 Rc3 46. Kg2 Rc2+ 47. Bf2 Rc3 48. Bd4 Rc2+ 49. Kg3 Rc1 50. Be3 Rc3 51. Kf2 Rc2+ 52. Kg3 Rc3 53. Kf2 Rc2+ 1/2-1/2

[Event "European Women Rapid-ch 2023"]
[Site "Monaco"]
[Date "2024.01.14"]
[Round "8.13"]
[White "Vega Gutierrez, Sabrina"]
[Black "Calzetta Ruiz, Monica"]
[Result "0-1"]
[ECO "B20"]
[WhiteElo "2378"]
[BlackElo "2241"]
[Annotator "RC"]
[PlyCount "54"]
[EventDate "2023.12.19"]
[EventType "swiss"]
[EventCountry "MNC"]
[SourceTitle "playchess.com"]
[Source "ChessBase"]
[SourceQuality "1"]
[TimeControl "900+10"]

1. e4 c5 2. b3 Nc6 3. Bb2 e5 4. Bc4 Nf6 5. Nc3 g6 6. Nge2 Bg7 7. O-O O-O 8. d3 a6 9. a4 Rb8 10. f4 exf4 11. Nxf4 d6 12. Ncd5 Nxd5 13. Bxg7 Ne3 14. Qf3 Nxc4 15. Nh5 N4e5 16. Qg3 Nd4 17. Rae1 Ng4 18. h3 gxh5 19. Bf6 Qd7 20. Qh4 Nxf6 21. Qg5+ Kh8 22. Qxf6+ Kg8 23. Re3 Qd8 24. Qh6 Kh8 25. Rg3 Ne2+ 26. Kh2 Nxg3 27. Kxg3 Rg8+ 0-1

[Event "European Women Rapid-ch 2023"]
[Site "Monaco"]
[Date "2024.01.14"]
[Round "8.14"]
[White "Zhukova, Natalia"]
[Black "Hryshchenko, Kamila"]
[Result "1-0"]
[ECO "E97"]
[WhiteElo "2301"]
[BlackElo "2192"]
[Annotator "RC"]
[PlyCount "89"]
[EventDate "2023.12.19"]
[EventType "swiss"]
[EventCountry "MNC"]
[SourceTitle "playchess.com"]
[Source "ChessBase"]
[SourceQuality "1"]
[TimeControl "900+10"]

1. d4 d6 2. c4 g6 3. e4 Bg7 4. Nc3 Nf6 5. Be2 O-O 6. Nf3 e5 7. O-O Nc6 8. d5 Ne7 9. b4 a5 10. Ba3 axb4 11. Bxb4 Ne8 12. a4 h6 13. c5 f5 14. Nd2 f4 15. Nc4 Rf6 16. Nb5 g5 17. Rc1 Ng6 18. Bh5 Bf8 19. cxd6 cxd6 20. a5 Bd7 21. Nc3 Ng7 22. Nb6 Nxh5 23. Qxh5 Rb8 24. Nxd7 Qxd7 25. f3 Kg7 26. Rc2 Be7 27. Rfc1 Ra8 28. Nd1 Qb5 29. Be1 Rf7 30. Nf2 Rh8 31. Ng4 Bd8 32. Rc8 Rd7 33. h4 Rh7 34. Bc3 Ne7 35. Qe8 Nxc8 36. Nxe5 dxe5 37. Bxe5+ Bf6 38. Rxc8 Qb1+ 39. Kh2 Bxe5 40. Qxd7+ Kg6 41. Qf5+ Kh5 42. Qg4+ Kg6 43. h5+ Kg7 44. Qd7+ Kf6 45. Rf8+ 1-0